 Dungeon Crawl Stone Soup version 0.25-a0-265-g7af84ae0ac (webtiles) character file.

Game seed: 16082206563605031027, levelgen mode: deterministic

194 floatRand the Shield-Bearer (level 5, 40/41 HPs)
             Began as a Demonspawn Fighter on Dec 8, 2019.
             Quit the game on level 3 of the Dungeon.
             The game lasted 00:02:32 (2619 turns).

floatRand the Shield-Bearer (Demonspawn Fighter)    Turns: 2619, Time: 00:02:32

Health: 40/41      AC:  6    Str: 16    XL:     5   Next: 44%
Magic:  5/5        EV:  7    Int: 10    God:
Gold:   90         SH: 13    Dex: 13    Spells: 4/4 levels left

rFire    . . .     SeeInvis .   a - +0 trident
rCold    + . .     Gourm    .   c - +0 shield
rNeg     . . .     Faith    .   b - +0 scale mail
rPois    .         Spirit   .   (helmet restricted)
rElec    .         Reflect  .   (no cloak)
rCorr    .         Harm     .   (no gloves)
MR       .....                  (no boots)
Stlth    ..........             (no amulet)
HPRegen  0.13/turn              (no ring)
MPRegen  0.09/turn              (no ring)

@: no status effects
A: horns 1, large bone plates 1, cold resistance 1, freezing cloud immunity
a: no special abilities


You were on level 3 of the Dungeon.
You were not hungry.

You visited 1 branch of the dungeon, and saw 3 of its levels.

You collected 90 gold pieces.

Inventory:

Hand Weapons
 a - a +0 trident (weapon)
Armour
 b - a +0 scale mail (worn)
 c - a +0 shield (worn)
Scrolls
 e - 3 scrolls of enchant armour {unknown}
 g - a scroll of blinking {unknown}
 l - 2 scrolls of enchant weapon {unknown}
 m - 2 scrolls of amnesia {unknown}
 p - 4 scrolls of identify {unknown}
 s - a scroll of teleportation {unknown}
 u - a scroll of random uselessness {unknown}
Potions
 h - 2 potions of mutation {unknown}
 i - 3 potions of agility {unknown}
 j - a potion of flight {unknown}
 k - 3 potions of ambrosia {unknown}
 n - 3 potions of curing {unknown}
 o - a potion of heal wounds {unknown}
 q - a potion of degeneration {unknown}
 r - a potion of haste {unknown}
Comestibles
 d - 3 chunks of flesh
 f - 8 rations


   Skills:
 - Level 3.0 Fighting
 + Level 3.9 Polearms
 - Level 2.6 Armour
 + Level 4.4 Shields


You had 4 spell levels left.
You didn't know any spells.
Your spell library was empty.

Dungeon Overview and Level Annotations

Branches:
Dungeon (3/15)

Altars:
Dithmenos
Sif Muna
The Shining One


Innate Abilities, Weirdness & Mutations

You have a pair of small horns on your head.
You are partially covered in large bone plates. (SH +4)
Your flesh is cold resistant. (rC+)
You are immune to freezing clouds.


Message History

No target in view!
No target in view!
A bat comes into view.
A bat is nearby!
A bat is nearby!
A bat is nearby!
The bat closely misses you.
You miss the bat. Your headbutt misses the bat. You block the bat's attack.
The bat barely misses you. The bat hits you.
You closely miss the bat. You block the bat's attack.
The bat barely misses you.
You closely miss the bat. The bat hits you but does no damage.
The bat hits you. You block the bat's attack. x2
You puncture the bat!
You kill the bat!
No target in view!
You see here a bat corpse.
No target in view!
Are you sure you want to abandon this character and quit the game? (Confirm with "yes".)

#......<.....
#.........###
#.........#
#.........#
###
####..#####
#.. .....(
#.# ######
#.# #@# #.#
#.# #†# #.#
#.# #.#
#.####### #.#
#.......# #.#


There were no monsters in sight!

Vanquished Creatures
  2 orc wizards (D:3)
  A hound zombie (D:3)
  3 adders
  3 oozes (D:3)
  A worm (D:2)
  A dart slug (D:2)
  8 orcs (D:3)
  9 goblins
  7 hobgoblins
  9 jackals
  7 kobolds
  3 quokkas
  4 ball pythons
  5 bats
  4 frilled lizards
  9 rats
76 creatures vanquished.

Notes
Turn   | Place    | Note
-------+----------+-------------------------------------------
     0 | D:1      | floatRand the Demonspawn Fighter began the quest for the
                  | Orb.
     0 | D:1      | Reached XP level 1. HP: 18/18 MP: 1/1
   156 | D:1      | Reached skill level 3 in Shields
   175 | D:1      | Gained mutation: Your flesh is cold resistant. (rC+)
                  | [demonic ancestry]
   175 | D:1      | Reached XP level 2. HP: 24/24 MP: 2/2
   734 | D:2      | Gained mutation: You are partially covered in large bone
                  | plates. (SH +4) [demonic ancestry]
   734 | D:2      | Reached XP level 3. HP: 23/29 MP: 3/3
   798 | D:2      | Found a shimmering blue altar of Sif Muna.
  1503 | D:2      | Found a shadowy altar of Dithmenos.
  1653 | D:3      | Gained mutation: You are immune to freezing clouds.
                  | [demonic ancestry]
  1653 | D:3      | Reached XP level 4. HP: 28/35 MP: 4/4
  1900 | D:3      | Reached skill level 4 in Shields
  2088 | D:3      | Gained mutation: You have a pair of small horns on your
                  | head. [demonic ancestry]
  2088 | D:3      | Reached XP level 5. HP: 4/41 MP: 5/5
  2390 | D:3      | Found a glowing golden altar of the Shining One.
  2619 | D:3      | Quit the game

Levels and vault maps discovered:
D:1:      dpeg_arrival_short_road, layout_loops_cross
D:2:      layout_rooms, nicolae_overflow_hidden_temple, lemuel_doored_altar
D:3:      layout_loops_ring, first_ration, kennysheep_doodads,
          nicolae_tso_carved_into_rock

Skill      XL: |  1  2  3  4 |
---------------+-------------+-----
Polearms       | 2 3 |  3.9
Shields        | 3 4 |  4.4
Fighting       | |  3.0
Armour         | |  2.6

Action                   |  1- 3 |  4- 6 || total
-------------------------+-------+-------++-------
Melee: Trident           |   165 |   136 ||   301
       Headbutt          |       |    11 ||    11
  Use: Potion            |       |     1 ||     1
  Eat: Chunk             |     3 |     3 ||     6
Armor: Scale mail        |    58 |    55 ||   113
Dodge: Dodged            |    29 |    30 ||    59
Block: Shield            |    77 |    88 ||   165

Table legend:
 A = Non-vault XP
 B = Vault XP
 C = Vault XP percentage of total XP
 D = Non-vault monster count
 E = Vault monster count
 F = Vault count percentage of total count
                 A         B        C        D         E       F
            +---------+---------+-------+---------+---------+-------
      Total |     278 |       0 |   0.0 |      76 |       0 |   0.0
            +---------+---------+-------+---------+---------+-------
        D:1 |      27 |       0 |   0.0 |      19 |       0 |   0.0
        D:2 |      62 |       0 |   0.0 |      19 |       0 |   0.0
        D:3 |     189 |       0 |   0.0 |      38 |       0 |   0.0
            +---------+---------+-------+---------+---------+-------
